 Dungeon Crawl Stone Soup version 0.22.1-2-g9c5b331 (webtiles) character file.

141 Matador8 the Slasher (level 5, -2/38 HPs)
             Began as a Human Gladiator on Dec 20, 2018.
             Killed from afar by an orc wizard (9 damage)
             ... with a puff of flame
             ... on level 2 of the Dungeon.
             The game lasted 00:08:07 (2361 turns).

Matador8 the Slasher (Human Gladiator)              Turns: 2361, Time: 00:08:08

Health: -2/38      AC:  6    Str: 14    XL:     5   Next: 48%
Magic:  5/5        EV: 12    Int:  9    God:
Gold:   137        SH:  0    Dex: 15    Spells: 4/4 levels left

rFire    . . .     SeeInvis .   a - +0 long sword
rCold    . . .     Gourm    .   (no shield)
rNeg     . . .     Faith    .   s - +0 ring mail
rPois    .         Spirit   .   c - +0 helmet
rElec    .         Reflect  .   (no cloak)
rCorr    .         Harm     .   (no gloves)
MR       .....                  (no boots)
Stlth    +.........             (no amulet)
HPRegen  0.12/turn              (no ring)
MPRegen  0.09/turn              (no ring)

@: no status effects
A: no striking features
a: no special abilities


You were on level 2 of the Dungeon.
You were not hungry.

You visited 1 branch of the dungeon, and saw 3 of its levels.

You collected 137 gold pieces.

Inventory:

Hand Weapons
 a - a +0 long sword (weapon)
 r - a cursed -1 rapier
Missiles
 t - a throwing net (quivered)
Armour
 b - a +0 leather armour
 c - a +0 helmet (worn)
 s - a +0 ring mail (worn)
 v - a cursed +0 scale mail
Jewellery
 p - a cursed ring of attention {unknown}
Scrolls
 h - a scroll of teleportation {unknown}
 k - 2 scrolls of remove curse {unknown}
 o - a scroll of enchant armour {unknown}
Potions
 d - a potion of cancellation {unknown}
 e - a potion of berserk rage {unknown}
 g - a potion of agility {unknown}
 i - a potion of heal wounds {unknown}
 l - a potion of magic {unknown}
 m - a potion of haste {unknown}
 n - 3 potions of curing {unknown}
 q - a potion of brilliance {unknown}
 u - a potion of mutation {unknown}
Comestibles
 f - 5 rations
 j - a chunk of flesh


   Skills:
 - Level 2.0 Fighting
 * Level 5.6 Long Blades
 + Level 2.3 Throwing
 - Level 3.0 Dodging


You had 4 spell levels left.
You didn't know any spells.
Your spell library was empty.

Dungeon Overview and Level Annotations

Branches:
Dungeon (3/15)

Altars:
Okawaru
Wu Jian


Message History

You hear some strange, mumbled words.
You are confused.
You're too confused to move!
Something hits you.
You hear some strange, mumbled words.
A magic dart appears from out of thin air!
The magic dart hits you!
* * * LOW HITPOINT WARNING * * *
In your confused state, you trip and fall back down the stairs.
* * * LOW HITPOINT WARNING * * *
Something hits you but does no damage. Something barely misses you.
Some of the chunks of flesh in your inventory have rotted away.
You climb upwards.
There is a stone staircase leading down here.
You bump into the rock wall.
You feel less confused.
You hear some strange, mumbled words.
A puff of flame appears from out of thin air!
The puff of flame hits you!
You die...

#.........# ####......##
#.......# # ### ######..## #
###8###8####...# #
###8...8...8####.# #
####.........##...###
#.#>{........_#.#..##
#.##@........#####.## #######
#.##8...8...8## #..# #.....#
#.####8###8### ##รท# #.###.#
#.############ #.. #...#.#
#...# #..<...# ##.
###.#.#####...###...#..### #.
#...#....................#####.
#.#################....#.....#.
#.# #.......#.###.##


There were no monsters in sight!

Vanquished Creatures
  An orc priest (D:3)
  Terence (D:2)
  2 adders (D:2)
  3 worms (D:2)
  A leopard gecko (D:2)
  3 orcs
  7 giant cockroaches
  4 hobgoblins
  2 jackals (D:2)
  3 kobolds (D:2)
  3 ball pythons
  6 bats (D:1)
  3 frilled lizards
  7 goblins
  14 rats
60 creatures vanquished.

Notes
Turn   | Place    | Note
-------+----------+-------------------------------------------
     0 | D:1      | Matador8 the Human Gladiator began the quest for the Orb.
     0 | D:1      | Reached XP level 1. HP: 16/16 MP: 1/1
   120 | D:1      | Reached XP level 2. HP: 22/22 MP: 2/2
   359 | D:1      | Reached skill level 4 in Long Blades
   359 | D:1      | Reached XP level 3. HP: 26/27 MP: 3/3
   846 | D:2      | Found an iron altar of Okawaru.
   925 | D:2      | HP: 1/27 [poisoned by an adder]
  1297 | D:2      | Reached XP level 4. HP: 17/33 MP: 4/4
  1441 | D:2      | Found an ornate altar of the Wu Jian Council.
  1537 | D:2      | Noticed Terence
  1557 | D:2      | Killed Terence
  1557 | D:2      | Reached skill level 5 in Long Blades
  1676 | D:3      | Reached XP level 5. HP: 38/38 MP: 5/5
  2361 | D:2      | Killed from afar by an orc wizard

Skill      XL: |  1  2  3  4 |
---------------+-------------+-----
Long Blades    | 4 5 |  5.6
Fighting       | |  2.0
Throwing       | |  2.3
Dodging        | |  3.0

Action                   |  1- 3 |  4- 6 || total
-------------------------+-------+-------++-------
Melee: Long sword        |    93 |   105 ||   198
Throw: Throwing net      |       |     5 ||     5
  Eat: Chunk             |     1 |     2 ||     3
       Ration            |       |     1 ||     1
Armor: Leather armour    |    43 |     2 ||    45
       Ring mail         |       |    35 ||    35
Dodge: Dodged            |    85 |    57 ||   142
       Rpst.: Long sword |    23 |    16 ||    39
